 Dungeon Crawl Stone Soup version 0.19.1 (webtiles) character file.

845 davidrosshaw the Bolt Thrower (level 7, -5/61 HPs)
             Began as a Centaur Wanderer on Dec 26, 2016.
             Was a Follower of Okawaru.
             Slain by a centaur (8 damage)
             ... on level 5 of the Dungeon.
             The game lasted 00:24:18 (3351 turns).

davidrosshaw the Bolt Thrower (Centaur Wanderer)    Turns: 3351, Time: 00:24:18

Health: -5/61      AC:  5    Str: 16    XL:     7   Next: 68%
Magic:  7/7        EV: 10    Int:  9    God:    Okawaru [*.....]
Gold:   32         SH:  0    Dex: 11    Spells: 0 memorised, 6 levels left

rFire  . . .     SeeInvis .     a - +3 hand crossbow
rCold  . . .     Gourm    .     d - +0 robe
rNeg   . . .     Faith    .     (no shield)
rPois  +         Spirit   .     l - +0 helmet
rElec  .         Reflect  .     (no cloak)
rCorr  .         Harm     .     (no gloves)
MR     .....                    (no barding)
Stlth  +.........               j - amulet of regeneration
                                (no ring)
                                k - ring of poison resistance

@: very quick
A: hooves 3, deformed body, speed 2, tough skin 3
a: Heroism, Renounce Religion


You were on level 5 of the Dungeon.
You worshipped Okawaru.
Okawaru was aware of your devotion.
You were full.

You visited 1 branch of the dungeon, and saw 5 of its levels.

You collected 144 gold pieces.
You spent 112 gold pieces at shops.

Inventory:

Hand Weapons
 a - a +3 hand crossbow (weapon)
Missiles
 b - 25 bolts (quivered)
Armour
 d - a +0 robe (worn)
 l - a +0 helmet (worn)
Jewellery
 g - an uncursed amulet of the gourmand
 j - an amulet of regeneration (around neck)
 k - a ring of poison resistance (left hand)
Wands
 m - a wand of random effects (35/48)
 p - a wand of iceblast (10/15)
 t - a wand of slowing (27/48)
Scrolls
 e - a scroll of remove curse
 v - a scroll of magic mapping
Potions
 o - a potion of lignification {unknown}
 s - a potion of flight {unknown}
Books
 u - a book of Air

   Spells                             Type                      Level
   a - Shock                          Conjuration/Air              1
   b - Swiftness                      Charms/Air                   2
   c - Repel Missiles                 Charms/Air                   2
   d - Static Discharge               Conjuration/Air              3
   e - Lightning Bolt                 Conjuration/Air              5
Comestibles
 f - 4 bread rations
 h - 2 meat rations
 n - 2 royal jellies


   Skills:
 + Level 5.2 Fighting
   Level 1.3 Bows
 - Level 7.2 Crossbows
 + Level 1.5 Armour
 * Level 3.0 Dodging
 - Level 1.0 Stealth
 - Level 1.0 Evocations


You had 6 spell levels left.
You didn't know any spells.

Dungeon Overview and Level Annotations

Branches:
Dungeon (5/15)
 Temple: D:4-7

Altars:
Ashenzari
Okawaru
Ru
Sif Muna
Vehumet
The Shining One

Shops:
D:4 !

Annotations:
D:5 Scuka's ghost, novice CeHu


Innate Abilities, Weirdness & Mutations

You have hooves in place of feet.
Armour fits poorly on your strangely shaped body.
You cover ground very quickly.
You have extremely tough skin. (AC +3)


Message History

Aim: a centaur (heavily wounded)
The centaur flickers and vanishes!
Deactivating autopickup; reactivate with Ctrl-A.
This wand has 37 charges left.
Something hits you.
Zapping:
m - a wand of random effects (37/48)
Press: ? - help, Shift-Dir - straight line Nothing appears to happen.
This wand has 36 charges left.
Something hits you.
* * * LOW HITPOINT WARNING * * *
Something hits you but does no damage.
Zapping:
m - a wand of random effects (36/48)
Press: ? - help, Shift-Dir - straight line Nothing appears to happen.
This wand has 35 charges left.
Something hits you!
* * * LOW HITPOINT WARNING * * *
Something hits you but does no damage. Something hits you but does no damage.
As you open the door, it creaks loudly! Something hits you!
* * * LOW HITPOINT WARNING * * *
Something hits you!
You die...

.#... ##.....
..(..#####..(.#
.#............##
...........>...##
................#
........(.$...#
#..((((!((.#
#.###'###(.#
##### #[.@{.#([#
#.... #.⌠.⌠.#..#
#.... +.._.((.##
###.... #.⌠.⌠.###
....... #.....#
##.... ###+###
#.... #....
#.##...# #....###


There were no monsters in sight!

Vanquished Creatures
  Grinder (D:4)
  An ogre (D:4)
  Blork the orc (D:4)
  2 scorpions
  The ghost of dscm the Digger, a weakling OpEE (D:3)
  A hound (D:4)
  An orc wizard (D:5)
  An iguana (D:4)
  Jessica (D:2)
  Natasha (D:2)
  2 worker ants (D:4)
  7 gnolls
  4 adders
  A worm (D:4)
  2 dart slugs
  3 leopard geckos
  8 orcs
  2 ball pythons (D:3)
  3 giant cockroaches
  9 goblins
  5 hobgoblins
  7 jackals
  2 quokkas
  7 bats
  3 frilled lizards
  8 kobolds
  9 rats
93 creatures vanquished.

Notes
Turn   | Place    | Note
-------+----------+-------------------------------------------
     0 | D:1      | davidrosshaw the Centaur Wanderer began the quest for the Orb.
     0 | D:1      | davidrosshaw set off with: a +2 hand crossbow, 21 bolts, 2 potions of curing, a +0 robe, a bread ration
     0 | D:1      | Reached XP level 1. HP: 16/16 MP: 1/1
   158 | D:1      | Reached XP level 2. HP: 23/23 MP: 2/2
   384 | D:1      | Reached skill level 5 in Crossbows
   789 | D:2      | Reached XP level 3. HP: 28/28 MP: 3/3
   940 | D:2      | Found a shattered altar of Ashenzari.
   968 | D:2      | Noticed Jessica
   972 | D:2      | Killed Jessica
   972 | D:2      | Reached XP level 4. HP: 35/35 MP: 4/4
  1035 | D:2      | Noticed Natasha
  1048 | D:2      | Killed Natasha
  1048 | D:2      | Reached skill level 6 in Crossbows
  1566 | D:2      | Found a glowing golden altar of the Shining One.
  1789 | D:3      | Found a radiant altar of Vehumet.
  1821 | D:3      | Reached XP level 5. HP: 41/41 MP: 5/5
  1822 | D:3      | Noticed dscm's ghost (weakling OpEE)
  1826 | D:3      | Killed dscm's ghost
  2457 | D:4      | Noticed an ogre
  2461 | D:4      | Killed an ogre
  2461 | D:4      | Reached skill level 7 in Crossbows
  2461 | D:4      | Reached XP level 6. HP: 50/50 MP: 6/6
  2564 | D:4      | Found an iron altar of Okawaru.
  2567 | D:4      | Became a worshipper of Warmaster Okawaru
  2578 | D:4      | Reached skill level 1 in Dodging
  2725 | D:4      | Found Avilenle's Distillery.
  2729 | D:4      | Bought a potion of ambrosia for 112 gold pieces
  2973 | D:4      | Noticed Grinder
  2976 | D:4      | Noticed Blork the orc
  2977 | D:4      | Paralysed by Grinder for 7 turns
  2996 | D:4      | Killed Grinder
  2996 | D:4      | Reached * piety under Okawaru
  2996 | D:4      | Reached XP level 7. HP: 16/60 MP: 7/7
  3108 | D:4      | Killed Blork the orc
  3113 | D:4      | Found a deep blue altar of Sif Muna.
  3187 | D:4      | Reached skill level 5 in Fighting
  3286 | D:5      | Entered Level 5 of the Dungeon
  3316 | D:5      | Noticed Scuka's ghost (novice CeHu)
  3328 | D:5      | Found a sacrificial altar of Ru.
  3351 | D:5      | HP: 3/61 [something (7)]
  3351 | D:5      | Slain by a centaur

Skill      XL: |  1  2  3  4  5  6  7 |
---------------+----------------------+-----
Crossbows      | 5 6 7 |  7.2
Fighting       | 2 4 5 |  5.2
Dodging        | 2 3 |  3.0
Bows           | |  1.3
Armour         | |  1.5
Stealth        | |  1.0
Evocations     | |  1.0

Action                   |  1- 3 |  4- 6 |  7- 9 || total
-------------------------+-------+-------+-------++-------
Melee: Hand crossbow     |       |     1 |       ||     1
       Kick              |       |     1 |       ||     1
 Fire: Hand crossbow     |    46 |   162 |    39 ||   247
Evoke: Wand              |       |     1 |     5 ||     6
  Use: Scroll            |       |     8 |       ||     8
       Potion            |       |     3 |     5 ||     8
  Eat: Chunk             |     1 |    10 |       ||    11
Armor: Robe              |     6 |    25 |    14 ||    45
Dodge: Dodged            |    14 |    35 |    21 ||    70
